 Dungeon Crawl Stone Soup version 0.22-a0-422-g9628fc8 (webtiles) character file.

6095 Jynxie the Stinger (level 10, 0/77 HPs)
             Began as a Demonspawn Venom Mage on May 21, 2018.
             Was an Initiate of Vehumet.
             Slain by an ice beast (5 damage)
             ... summoned by Fannar
             ... on level 10 of the Dungeon on May 22, 2018.
             The game lasted 01:30:49 (15592 turns).

Jynxie the Stinger (Demonspawn Venom Mage)         Turns: 15592, Time: 01:30:50

Health: 0/77       AC: 17    Str: 20    XL:     10   Next: 58%
Magic:  13/13      EV: 15    Int: 16    God:    Vehumet [......]
Gold:   454        SH:  5    Dex: 14    Spells: 1/13 levels left

rFire    + . .     SeeInvis .   i - +1 dagger (vamp)
rCold    . . .     Gourm    .   l - +0 buckler
rNeg     + . .     Faith    .   y - +2 robe {rN+}
rPois    .         Spirit   .   b - +2 helmet
rElec    .         Reflect  .   (no cloak)
rCorr    .         Harm     .   (no gloves)
MR       .....     Clarity  +   d - +1 pair of boots Stlth +++.......Rnd*Tele +
                                (no amulet)
HPRegen  0.22/turn              a - +2 ring of strength
MPRegen  0.13/turn              B - +6 ring of strength

@: sanguine armour
A: talons 2, clarity, deformed body, fire resistance 1, mutation resistance 1,
powered by pain 1, teleportitis 1, sanguine armour 2
a: Renounce Religion


You were on level 10 of the Dungeon.
You worshipped Vehumet.
Vehumet was noncommittal.
You were near starving.

You visited 2 branches of the dungeon, and saw 11 of its levels.
You also visited: Sewer.

You collected 454 gold pieces.

Inventory:

Hand Weapons
 i - a +1 vampiric dagger (weapon)
Armour
 b - a +2 helmet (worn)
 d - a +1 pair of boots (worn)
 l - a +0 buckler (worn)
 o - a +0 plate armour
 y - a +2 robe of positive energy (worn)
 D - a +0 ring mail
Jewellery
 a - a +2 ring of strength (left hand)
 B - a +6 ring of strength (right hand)
Wands
 q - a wand of flame (43)
 s - a wand of acid (4)
 C - a wand of polymorph (26)
 E - a wand of clouds (2)
 G - a wand of digging (16)
 I - a wand of disintegration (5)
Scrolls
 g - 10 scrolls of teleportation
 k - 7 scrolls of remove curse
 n - 12 scrolls of identify
 x - a scroll of amnesia
 H - a scroll of fear
Potions
 e - a potion of curing
 m - 3 potions of mutation
 r - a potion of resistance
 u - a potion of might
 z - a potion of flight
 A - 3 potions of agility
 J - a potion of ambrosia


   Skills:
 * Level 6.5 Fighting
 * Level 4.6 Short Blades
 + Level 4.9 Dodging
 * Level 7.1 Stealth
 - Level 4.0 Shields
 - Level 2.0 Spellcasting
 * Level 6.8 Conjurations
 * Level 7.4 Poison Magic


You had one spell level left.
You knew the following spells:

 Your Spells              Type           Power        Failure   Level  Hunger
a - Sting                 Conj/Pois      ###.         1%          1    #......
b - Poisonous Vapours     Pois/Air       ##....       7%          2    ###....
c - Mephitic Cloud        Conj/Pois/Air  ###.....     9%          3    ###....
d - Searing Ray           Conj           ###...       1%          2    ###....
e - Iskenderun's Mystic   Conj           ###.....     12%         4    #####..

Your spell library contained the following spells:

 Spells                   Type           Power        Failure   Level  Hunger
 Magic Dart               Conj           ###.         1%          1    #......
 Apportation              Tloc           #.....       21%         1    #......
 Venom Bolt               Conj/Pois      ###.......   30%         5    ######.
 Olgreb's Toxic Radiance  Pois           ####....     10%         4    #####..
 Summon Small Mammal      Summ           #...         21%         1    #......
 Animate Skeleton         Necr           N/A          21%         1    #......
 Spider Form              Tmut/Pois      ##........   14%         3    ###....
 Blade Hands              Tmut           #.........   99%         5    ######.
 Ice Form                 Ice/Tmut       #.......     90%         4    #####..
 Confusing Touch          Hex            #.....       21%         1    #......
 Sticks to Snakes         Tmut           #.......     30%         2    ###....
 Beastly Appendage        Tmut           #.....       21%         1    #......
 Fulminant Prism          Conj/Hex       ##........   45%         4    #####..
 Dazzling Spray           Conj/Hex       ##....       16%         3    ###....
 Force Lance              Conj/Tloc      ##......     45%         4    #####..


Dungeon Overview and Level Annotations

Branches:
Dungeon (10/15)            Temple (1/1) D:4            Lair (0/6) D:10
    Orc (0/2) D:9

Altars:
Ashenzari
Cheibriados
Dithmenos
Elyvilon
Fedhas
Gozag
Hepliaklqana
Kikubaaqudgha
Makhleb
Nemelex Xobeh
Okawaru
Qazlal
Ru
Sif Muna
Trog
Uskayaw
Vehumet
Wu Jian
Xom
Yredelemnul
Zin
The Shining One

Shops:
D:9 *}*

Annotations:
D:10 Erica, Erolcha, Fannar


Innate Abilities, Weirdness & Mutations

You have razor-sharp toenails.
Your flesh is heat resistant. (rF+)
You sometimes gain a little power by taking damage.
When seriously injured, your bleeding wounds create thick armour. (AC +9)
You possess an exceptional clarity of mind.
Armour fits poorly on your strangely shaped body.
You are somewhat resistant to further mutation.
You are occasionally teleported next to monsters.


Message History

Press: ? - help, Shift-Dir - straight line, f/p - Fannar
Aim: Fannar, wielding a staff of cold and wearing a robe of cold resistance (severely wounded, poisoned)
The puff of flame misses Fannar.
The puff of flame hits the sky beast.
You kill the sky beast!
Vehumet accepts your kill. Fannar hits you but does no damage.
Erolcha gestures wildly while chanting.
Erolcha flickers and vanishes!
Deactivating autopickup; reactivate with Ctrl-A.
The ice beast misses you.
Evoke which item? (* to show all) (? for menu, Esc to quit)
Aiming: Throw Flame
Press: ? - help, Shift-Dir - straight line, f/p - Fannar
Aim: Fannar, wielding a staff of cold and wearing a robe of cold resistance (severely wounded, poisoned)
The puff of flame hits Fannar.
Fannar is almost dead.
Fannar completely misses you. The ice beast hits you.
* * * LOW HITPOINT WARNING * * *
The ice beast freezes you.
You die...

...................#...#.#
..######...........#.###.# .....#
#.........).#.# #.# ..##.#
#.....Y.....#.# #.######## ..# #
#.....D.....#.# #.##...... ..#
####.######.#.# #.##.##### ..#
######.# #.#.# #.##.# ..#
#......######.#.###.##.#
............(.†e@Y.(....>##.#####
....####)....####..#.######......
##### ......... ###.....#########
......PP..P #......e.......
.......PP.PPP# #.....#########
.....PP....PP# #.....#
..PPPPP..>.PP# #######


You could see Fannar and an ice beast.

Vanquished Creatures
  A two-headed ogre (D:9)
  A komodo dragon (D:9)
  Grinder (D:3)
  A wyvern (D:9)
  Sigmund (D:2)
  A hungry ghost (D:10)
  A soldier ant (D:10)
  Duvessa (D:6)
  Purgy (Sewer)
  2 orc warriors
  3 sky beasts
  3 phantoms
  A necrophage (D:5)
  3 ogres
  8 centaurs
  5 bullfrogs
  Dowan (D:6)
  3 scorpions
  15 killer bees
  6 howler monkeys
  3 crimson imps
  A bullfrog zombie (D:5)
  2 centaur skeletons
  2 hounds
  3 jellies
  6 orc priests
  5 orc wizards
  A bullfrog skeleton (D:8)
  Natasha (thrice) (D:2)
  2 iguanas
  4 worker ants
  A hound skeleton (D:5)
  11 adders
  7 river rats (D:9)
  2 adder skeletons
  A worm (D:3)
  2 dart slugs
  7 leopard geckos
  28 orcs
  5 giant cockroaches
  9 hobgoblins
  10 jackals
  4 kobolds
  3 quokkas
  A ball python (Sewer)
  7 bats
  12 frilled lizards
  7 goblins
  2 jackal skeletons
  21 rats
  2 rat zombies (D:4)
233 creatures vanquished.

Vanquished Creatures (others)
  2 plants (D:10)
2 creatures vanquished.

Grand Total: 235 creatures vanquished

Notes
Turn   | Place    | Note
-------+----------+-------------------------------------------
     0 | D:1      | Jynxie the Demonspawn Venom Mage began the quest for the Orb.
     0 | D:1      | Reached XP level 1. HP: 13/13 MP: 3/3
   440 | D:1      | Gained mutation: You sometimes gain a little power by taking damage. [demonic ancestry]
   440 | D:1      | Reached XP level 2. HP: 19/19 MP: 0/5
  1221 | D:1      | Gained mutation: When seriously injured, your bleeding wounds create armour. (AC +9) [demonic ancestry]
  1221 | D:1      | Reached XP level 3. HP: 25/25 MP: 2/6
  1762 | D:2      | Reached skill level 1 in Fighting
  1846 | D:2      | Noticed Natasha
  1861 | D:2      | Killed Natasha
  1873 | D:2      | Noticed Natasha
  1881 | D:2      | Killed Natasha
  1881 | D:2      | Gained mutation: When seriously injured, your bleeding wounds create thick armour. (AC +9) [demonic ancestry]
  1881 | D:2      | Reached XP level 4. HP: 17/32 MP: 3/7
  2054 | D:2      | Found a hazy altar of Hepliaklqana.
  2378 | D:2      | Noticed Natasha
  2385 | D:2      | Killed Natasha
  2418 | D:2      | Gained mutation: Armour fits poorly on your strangely shaped body. [potion of mutation]
  2418 | D:2      | Gained mutation: You are occasionally teleported next to monsters. [potion of mutation]
  2418 | D:2      | Gained mutation: You are somewhat resistant to further mutation. [potion of mutation]
  2418 | D:2      | Gained mutation: You possess an exceptional clarity of mind. [potion of mutation]
  2500 | D:2      | Reached XP level 5. HP: 35/38 MP: 5/8
  2722 | D:2      | Found a stormy altar of Qazlal.
  2723 | D:2      | Found a snail-covered altar of Cheibriados.
  2765 | D:2      | Reached skill level 1 in Shields
  2837 | D:2      | Noticed Sigmund
  2889 | D:2      | Killed Sigmund
  2889 | D:2      | Gained mutation: You have sharp toenails. [demonic ancestry]
  2889 | D:2      | Reached XP level 6. HP: 16/44 MP: 0/9
  3420 | D:3      | HP: 2/45 [adder (2)]
  3894 | D:3      | Found a white marble altar of Elyvilon.
  3942 | D:3      | Found a glowing drain.
  3962 | Sewer    | Entered a sewer
  3993 | Sewer    | Noticed Purgy
  4186 | Sewer    | Killed Purgy
  4322 | D:3      | Noticed Grinder
  4330 | D:3      | Paralysed by Grinder for 6 turns
  4343 | D:3      | Killed Grinder
  4343 | D:3      | Gained mutation: Your flesh is heat resistant. (rF+) [demonic ancestry]
  4343 | D:3      | Reached XP level 7. HP: 50/52 MP: 1/10
  4443 | D:4      | Noticed a dagger
  4444 | D:4      | Noticed a hand axe
  4445 | D:4      | Found a hide-covered altar of Uskayaw.
  4952 | D:4      | Found a staircase to the Ecumenical Temple.
  4961 | Temple   | Entered the Ecumenical Temple
  5120 | D:4      | Reached XP level 8. HP: 26/59 MP: 1/11
  5869 | D:4      | Learned a level 2 spell: Poisonous Vapours
  5873 | D:4      | Learned a level 3 spell: Mephitic Cloud
  5993 | D:4      | Found a glowing silver altar of Zin.
  6046 | D:4      | Reached skill level 5 in Poison Magic
  6047 | D:4      | Found a blossoming altar of Fedhas.
  6548 | D:4      | Found an ancient bone altar of Kikubaaqudgha.
  6650 | D:5      | Entered Level 5 of the Dungeon
  6943 | D:5      | Found a shattered altar of Ashenzari.
  7350 | D:5      | Found an opulent altar of Gozag.
  7799 | D:5      | Reached skill level 1 in Short Blades
  8060 | D:6      | Noticed Duvessa
  8366 | D:5      | Reached skill level 5 in Stealth
  8664 | D:6      | Paralysed by a centaur for 7 turns
  8924 | D:6      | Found a sacrificial altar of Ru.
  9012 | D:7      | Reached XP level 9. HP: 34/66 MP: 3/12
  9285 | D:5      | Reached skill level 5 in Conjurations
  9871 | D:6      | Noticed Dowan
  9891 | D:6      | Killed Duvessa
  9896 | D:6      | Killed Dowan
 10114 | D:7      | Reached skill level 5 in Fighting
 12673 | D:9      | Found a bloodstained altar of Trog.
 12978 | D:9      | Learned a level 2 spell: Searing Ray
 13014 | D:9      | Found Afi Uf Vow's Gadget Emporium.
 13024 | D:9      | Gained mutation: You have razor-sharp toenails. [demonic ancestry]
 13024 | D:9      | Reached XP level 10. HP: 52/76 MP: 0/13
 13082 | D:9      | Found Gudaikk's General Store.
 13086 | D:9      | Found Dyshroptu's General Store.
 13430 | D:9      | Found a glowing golden altar of the Shining One.
 13436 | D:9      | Found a staircase to the Orcish Mines.
 13441 | D:9      | Found a radiant altar of Vehumet.
 13458 | D:9      | Became a worshipper of Vehumet
 13510 | D:9      | Noticed a two-headed ogre
 13518 | D:9      | Killed a two-headed ogre
 13788 | D:9      | Found a deep blue altar of Sif Muna.
 14108 | D:10     | Entered Level 10 of the Dungeon
 14311 | D:10     | Noticed Erica
 14319 | D:10     | Noticed Erolcha
 14666 | D:10     | Learned a level 4 spell: Iskenderun's Mystic Blast
 14782 | D:10     | Found a staircase to the Lair.
 14783 | D:10     | Noticed Fannar
 15592 | D:10     | Slain by an ice beast

Vault maps used:
D:1:      onia_arrival_mini_maze, serial_bayou, serial_bayou_ford_a,
          serial_bayou_shore_b, serial_bayou_pond_b, serial_bayou_crossing,
          hex_tiny
D:2:      lemuel_upstairs_altar, lemuel_doored_altar, minitemple,
          serial_co_window_serial, co_window_of_opportunity_a,
          co_window_paths_a, co_window_paths_a, co_window_corner_a,
          co_window_corner_a, co_window_paths_a, co_window_paths_a,
          co_window_broadway_c, co_window_broadway_c, co_window_paths_c,
          co_window_unsneaky_path_d, co_window_unsneaky_path_c,
          co_window_paths_e, glass_columns_a, glass_columns_a, glass_columns_b,
          glass_columns_b, glass_columns_a, uniq_sigmund, uniq_natasha
D:3:      lemuel_crystal_altar, portal_sewer_entry_b, uniq_grinder
D:4:      lemuel_coloured_pillars_altar, lemuel_zombie_altar_kikubaaqudgha,
          dancing_weapons_uskayaw, minmay_temple_entry_overgrown, first_ration,
          fedhas_bush_and_centaur_altar
D:5:      nicolae_gozag_seed_capital, evilmike_ruin_ashenzari
D:6:      nicolae_ru_the_path_less_chosen, uniq_duvessa
D:9:      old_standard_altar, vehumet_altar_wand_db, lemuel_round_altar,
          orc_0_dummy, serial_shops, shop, nicolae_shop_waterfront, shop,
          basic_altar, dk_rats_in_the_wall
D:10:     david_lair_shrubbed, hangedman_decor_riveting, uniq_erica,
          uniq_fannar, uniq_erolcha
Temple:   cyrus_temple_forest
Sewer:    sewer_co_purgy_island

Skill      XL: |  1  2  3  4  5  6  7  8  9 10 |
---------------+-------------------------------+-----
Stealth        | 2 3 4 5 6 7 |  7.1
Dodging        | 2 3 4 |  4.9
Fighting       | 1 2 3 4 5 6 |  6.5
Conjurations   | 2 3 4 6 |  6.8
Shields        | 1 2 3 4 |  4.0
Poison Magic   | 4 5 6 7 |  7.4
Short Blades   | 1 3 4 |  4.6
Spellcasting   | |  2.0

Action                   |  1- 3 |  4- 6 |  7- 9 | 10-12 || total
-------------------------+-------+-------+-------+-------++-------
Melee: Club              |    46 |    78 |       |       ||   124
       Dagger            |       |    40 |   816 |   101 ||   957
       Kick              |       |    20 |    25 |       ||    45
 Cast: Sting             |    57 |   109 |    54 |       ||   220
       Poisonous Vapours |       |       |   134 |    52 ||   186
       Mephitic Cloud    |       |       |     4 |     2 ||     6
       Iskenderun's Myst |       |       |       |     3 ||     3
       Searing Ray       |       |       |       |     3 ||     3
Evoke: Wand              |       |     6 |    40 |    38 ||    84
  Use: Scroll            |     1 |     2 |     4 |     6 ||    13
       Potion            |       |     8 |     4 |     2 ||    14
 Stab: Sleeping          |     1 |       |     3 |     2 ||     6
       Paralysed         |       |       |     9 |       ||     9
       Confused          |       |       |     2 |       ||     2
  Eat: Chunk             |     4 |     1 |    19 |     2 ||    26
       Ration            |       |     4 |     6 |     4 ||    14
Armor: Robe              |    22 |    43 |   211 |    25 ||   301
Dodge: Dodged            |    44 |   100 |   457 |    80 ||   681
Block: Buckler           |       |    34 |   200 |    22 ||   256

Table legend:
 A = Spawn XP
 B = Non-spawn XP
 C = Spawn XP percentage of total XP
 D = Spawn monster count
 E = Non-spawn monster count
 F = Spawn count percentage of total count
 G = Total turns spent on level
                    A         B        C        D         E        F      G
               +---------+---------+-------+---------+---------+-------+---------
         Total |       0 |    8708 |   0.0 |       0 |     233 |   0.0 | 15592
               +---------+---------+-------+---------+---------+-------+---------
           D:1 |       0 |      54 |   0.0 |       0 |      32 |   0.0 |  1739
           D:2 |       0 |     367 |   0.0 |       0 |      17 |   0.0 |  1871
           D:3 |       0 |     427 |   0.0 |       0 |      25 |   0.0 |   801
           D:4 |       0 |     665 |   0.0 |       0 |      27 |   0.0 |  1702
           D:5 |       0 |     856 |   0.0 |       0 |      17 |   0.0 |  2487
           D:6 |       0 |     727 |   0.0 |       0 |      11 |   0.0 |   859
           D:7 |       0 |     973 |   0.0 |       0 |      22 |   0.0 |  1439
           D:8 |       0 |     968 |   0.0 |       0 |      20 |   0.0 |  1170
           D:9 |       0 |    2372 |   0.0 |       0 |      39 |   0.0 |  2104
          D:10 |       0 |    1133 |   0.0 |       0 |      15 |   0.0 |   883
         Sewer |       0 |     166 |   0.0 |       0 |       8 |   0.0 |   308
               +---------+---------+-------+---------+---------+-------+---------
